 Dungeon Crawl Stone Soup version 0.31-a0-364-gb59cdcccf2 (webtiles) character file.

Game seed: 7918410497947510459

254 floatRand the Trooper (level 6, -5/62 HPs)
             Began as an Ogre Warper on July 27, 2023.
             Slain by a yak (9 damage)
             ... on level 4 of the Dungeon.
             The game lasted 00:05:12 (3673 turns).

floatRand the Trooper (Ogre Warper)                 Turns: 3673, Time: 00:05:13

Health: -5/62      AC:  3    Str: 16    XL:     6   Next: 15%
Magic:  10/10      EV:  9    Int: 19    God:
Gold:   263        SH:  0    Dex:  8    Spells: 2/11 levels left

rFire   + . .        l - +5 mace of Turmoil {holy, Int+3}
rCold   . . .        (no shield)
rNeg    . . .        b - +0 robe
rPois   .            (helmet restricted)
rElec   .            (no cloak)
rCorr   .            (gloves unavailable)
SInv    .            (boots unavailable)
Will    .....        (no amulet)
Stlth   +            i - ring of protection from fire
HPRegen 0.30/turn    m - ring of flight
MPRegen 0.12/turn

%: no passive effects
@: flying
A: large, unfitting armour, tough skin 1
a: no special abilities


You were on level 4 of the Dungeon.
You visited 1 branch of the dungeon, and saw 5 of its levels.

You collected 263 gold pieces.

Inventory:

Hand Weapons
 a - a +0 mace
 g - a +2 whip of freezing
 l - the +5 mace of Turmoil (weapon) {holy, Int+3}
   (You found it on level 3 of the Dungeon)

   Int:       It affects your intelligence (+3).
Missiles
 e - a throwing net
 p - 6 large rocks
Armour
 b - a +0 robe (worn)
Jewellery
 i - a ring of protection from fire (left hand)
 m - a ring of flight (right hand)
Scrolls
 c - a scroll of fear {unknown}
 f - 6 scrolls of identify {unknown}
 k - a scroll of amnesia {unknown}
 o - a scroll of immolation {unknown}
Potions
 h - a potion of attraction {unknown}
 j - 2 potions of curing
 n - 2 potions of berserk rage {unknown}


   Skills:
 + Level 4.3 Fighting
 * Level 4.2 Maces & Flails
 - Level 1.0 Throwing
 - Level 2.1 Dodging
 + Level 0.3 Stealth
 + Level 3.0 Spellcasting
 + Level 3.5 Translocations


You had 2 spell levels left.
You knew the following spells:

 Your Spells              Type           Power      Damage    Failure   Level
a - Blink                 Tloc           32%        N/A       5%          2
b - Teleport Other        Tloc           16%        N/A       11%         3
c - Manifold Assault      Tloc           16%        N/A       34%         4

Your spell library contained the following spells:

 Spells                   Type           Power      Damage    Failure   Level
 Lesser Beckoning         Tloc           32%        N/A       5%          2
 Freeze                   Ice            8%         1d3       16%         1
 Wereblood                Tmut           2%         N/A       22%         2
 Vhi's Electric Charge    Tloc/Air       18%        N/A       22%         3
 Passage of Golubria      Tloc           16%        N/A       34%         4
 Frozen Ramparts          Ice            4%         1d1       41%         3
 Hailstorm                Conj/Ice       2%         3d3       41%         3
 Tukima's Dance           Hex            2%         N/A       41%         3
 Irradiate                Conj/Tmut      1%         3d12      99%         5
 Yara's Violent Unravell  Hex/Tmut       1%         3d3       99%         5


Dungeon Overview and Level Annotations

Branches:
Dungeon (5/15)             Temple (0/1) D:4

Altars:
Yredelemnul

Shops:
D:4 (

Annotations:
D:2 Sigmund
D:5 Edmund


Innate Abilities, Weirdness & Mutations

You are too large for most types of armour.
You have tough skin. (AC +1)


Message History

There is a stone staircase leading down here.
You fly downwards.
Level annotation: Edmund
Found a scroll labelled EKEBIU WOUV.
Found a stone staircase leading down.
There is a stone staircase leading up here.
f - 6 scrolls labelled EKEBIU WOUV (gained 1)
A hound comes into view.
A hound is nearby!
A yak comes into view.
The yak bellows!
A yak comes into view.
You see here a book of Changes.
You see here a book of Changes.
You pick up a book of Changes and begin reading...
You add the spells Wereblood and Irradiate to your library.
A yak comes into view.
The yak bellows!
The yak attacks as you move away! The yak closely misses you.
The yak gores you! The yak attacks as you move away! The yak gores you!
The hound bites you but does no damage. The hound bites you.
The yak attacks as you move away! The yak gores you.
There is a stone staircase leading up here.
The hound bites you. The yak gores you!
* * * LOW HITPOINT WARNING * * *
The yak gores you!
* * * LOW HITPOINT WARNING * * *
The hound stops to sniff the ground.
The hound bites you but does no damage.
You fly upwards.
There is a stone staircase leading down here.
You sock the yak!
The yak is moderately wounded.
The yak gores you but does no damage. The yak barely misses you.
The yak closely misses you. The yak gores you.
* * * LOW HITPOINT WARNING * * *
You sock the yak!
The yak is severely wounded.
The yak completely misses you. The yak gores you!
You die...

#.........).......#.# #...#
#........###..##.##.# #...#
#........#.......##.# #...####
#........###.######.## #......#
#............#.##....#####....#
#.........#..#.##.#....# #....#
#.........#..........#.###....#
#............####.####...#....#
#..........##.Y@Yh.......#....#
##########.######....#.#.#....#
#.# ##......#.#...<# ###.###
#.........###### ###+###
#.......###~~~~##
######⌠.⌠####...#..###~~~~~~#
#....'.>.'......#.....~~.....
#.####⌠.⌠####........~~......
#.# ####### #.#.##..~....~~..


You could see 2 yaks and a hound.

Vanquished Creatures
  A water moccasin (D:4)
  Terence (D:3)
  An orc wizard (D:4)
  3 adders
  A worm (D:4)
  2 dart slugs
  6 orcs
  4 bats
  3 endoplasms
  11 hobgoblins
  2 quokkas
  3 ball pythons
  8 goblins
  6 kobolds
  4 rats
  A spectral orc (D:4)
57 creatures vanquished.

Notes
Turn   | Place    | Note
-------+----------+-------------------------------------------
     0 | D:1      | floatRand the Ogre Warper began the quest for the Orb.
     0 | D:1      | Reached XP level 1. HP: 22/22 MP: 3/3
   316 | D:1      | Reached XP level 2. HP: 28/29 MP: 5/5
   319 | D:1      | Learned a level 2 spell: Blink
   664 | D:2      | Reached XP level 3. HP: 12/37 MP: 6/6
  1236 | D:2      | Noticed Sigmund
  1319 | D:1      | Learned a level 3 spell: Teleport Other
  1531 | D:3      | Noticed Terence
  1549 | D:3      | Killed Terence
  1550 | D:3      | Reached XP level 4. HP: 27/46 MP: 8/8
  1654 | D:3      | Identified the +5 mace of Turmoil {holy, Int+3}
  2686 | D:4      | Found Laram's Antique Weapon Emporium.
  2780 | D:4      | Reached XP level 5. HP: 38/54 MP: 9/9
  2804 | D:4      | Learned a level 4 spell: Manifold Assault
  2921 | D:4      | Found a staircase to the Ecumenical Temple.
  3011 | D:4      | Noticed a water moccasin
  3033 | D:4      | HP: 1/54 [water moccasin (8)]
  3146 | D:4      | Killed a water moccasin
  3147 | D:4      | Reached XP level 6. HP: 16/62 MP: 10/10
  3395 | D:4      | Found a basalt altar of Yredelemnul.
  3614 | D:4      | Identified the +10 scale mail of Plasticity {rPois rN+
                  | Int+3 SInv}
  3626 | D:5      | Entered Level 5 of the Dungeon
  3626 | D:5      | Noticed Edmund
  3655 | D:5      | Noticed a yak
  3656 | D:5      | Noticed a yak
  3659 | D:5      | Noticed a yak
  3673 | D:4      | Slain by a yak

Illustrated notes

Levels and vault maps discovered:
D:1:      saegor_arrival_fortress, layout_basic
D:2:      layout_loops_cross, uniq_sigmund
D:3:      layout_loops_ring, serial_aquarium, aquarium_bridge_straight
          [aquarium_subvault_bridge, aquarium_subvault_window,
          aquarium_subvault_bridge, aquarium_subvault_window],
          aquarium_window_fake, aquarium_window_fake, aquarium_view_2e,
          aquarium_view_2b, aquarium_pool_side, st_stairs_7,
          minmay_crystal_room, uniq_terence
D:4:      cheibrodos_helix_gallery, layout_basic,
          yredelemnul_forgotten_temple_becter, temple_doors_cd, serial_shops,
          nicolae_shop_stone
D:5:      layout_cave_pools, mainiacjoe_overflow_chevrons, uniq_edmund

Skill      XL: |  1  2  3  4  5 |
---------------+----------------+-----
Translocations | 3 |  3.5
Maces & Flails | 2 3 4 |  4.2
Fighting       | 3 4 |  4.3
Spellcasting   | 3 |  3.0
Throwing       | |  1.0
Dodging        | |  2.1
Stealth        | |  0.3

Action                     |  1- 3 |  4- 6 || total
---------------------------+-------+-------++-------
  Melee: Mace              |    16 |    91 ||   107
         Whip              |    69 |     2 ||    71
  Throw: Boomerang         |     1 |     6 ||     7
         Large rock        |       |     2 ||     2
   Cast: Teleport Other    |       |     3 ||     3
    Use: Potion            |     1 |       ||     1
         Scroll            |       |     1 ||     1
 Armour: Robe              |    20 |    22 ||    42
  Dodge: Dodged            |    40 |    47 ||    87

Table legend: (Time is in decaauts)
 A = Elapsed time spent in this place.
 B = Non-inter-level travel time spent in this place.
 C = Inter-level travel time spent in this place.
 D = Time resting spent in this place.
 E = Time spent auto-exploring this place.
 F = Levels seen in this place.
 G = Mean time per level.
                   A        B        C        D        E       F      G
               +--------+--------+--------+--------+--------+-----+--------+
         Total |   3701 |   3633 |     68 |    370 |   2541 |   5 |  740.2 |
       Dungeon |   3701 |   3633 |     68 |    370 |   2541 |   5 |  740.2 |
               +--------+--------+--------+--------+--------+-----+--------+

Top non-repeatable levels by time:
     D:4: 1238 daAuts
     D:3: 900 daAuts
     D:1: 772 daAuts
     D:2: 763 daAuts
     D:5: 27 daAuts
